Match 40912147
Unlisted

Match 40912147
End
Pioneer Squad
Construct Infanterie Kompanie
Selects Breakthrough Battlegroup
Grenadier Squad
Grenadier Squad
Grenadier Squad
Infanterie Officer Quarters
Grenadier Squad
Construct Luftwaffe Kompanie
Construct Luftwaffe Kompanie
Selects Rapid Production
221 Scout Car
Selects Assault Grenadiers
Selects Breakthrough
Breakthrough
Jäger Squad
MG 42 Machine Gun Team
Monsieur Nathan
DexN
0
0

Comments sign in to comment!

No comments posted yet!